Workbook
Name BuiltIn_Criteria: #N/A
Name BuiltIn_Data_Form: #N/A
Name BuiltIn_Database: #N/A
Name BuiltIn_Print_Area: #N/A
Name BuiltIn_Print_Titles: #N/A
Name BuiltIn_Recorder: #N/A
Name dsfsdf: #REF!
Name Excel_BuiltIn__FilterDatabase_3: #REF!
Name preçoaçucar: #REF!
Name preçocafé: #REF!
Name preçocopo200: #REF!
Name preçocopo50: #REF!
Name preçoleite: #REF!
Name preçomanteiga: #REF!
Name preçopão: #REF!
Name sdf: #REF!
Name ss: #REF!
Name USUÁ: #REF!
Name USUÁRIOS: #REF!
Name USUÁRIOTERESINA: #REF!

Sheet Resumo
G1: Submódulo 2.2 - Encargos Previdenciários (GPS), Fundo de Garantia por Tempo de Serviço (FGTS) e outras contribuições.
G2: Salário Vigilante desarmado normativo para a categoria (Preencher de acordo com a CCT)
G3: SAT/FAP | I3: Decreto 6.042/2007, Lei 10.666/2003 (Apresentar memória de cálculo do RAT/FAP)
B4: QUANTIDADE | C4: FUNÇÃO | D4: VALOR | G4: Submódulo 2.3 - Benefícios Mensais e Diários.
B5: 1 | C5: VIGILANTE DESARMADO | D5: ='VIGILANTE DESARMADO'!C132 -> 0 | G5: Vale Transporte (Valor de uma passagem)
B6: VALOR TOTAL | D6: =SUM(D5:D5) -> 0 | G6: Vale Refeição (Valor integral)
G7: Fundo de Formação Profissional
G8: Assistência à Saúde
G9: Seguro de vida
G10: Custos dos exames admssional, períodicos e demissionais
G11: Submódulo 4.1 - Substituto nas Ausências Legais
G12: Substituto na cobertura de Ausências Legais | H12: 0.0028 | I12: (1 dia / 30 dias) x (1 dia / 12 meses) x 100 = 0,28%
G13: Substituto na cobertura de Licença Paternidade | H13: =((5/30)/12)*2% -> 0.00027777778 | I13: ((5 dias de ausência/30 impacto sobre o mês)/12 meses do ano)*2% estimativa de ocorrência=0,028%
G14: Substituto na cobertura de Ausência por acidente de trabalho | H14: =((15/30)/12)*8% -> 0.0033333333 | I14: ((15 dias de ausências INSS /30 mês)/12 meses)*8% (estimativa IBGE) = 0,33%
G15: Substituto na cobertura de Ausência por Doença | H15: =(5.96/30)*(1/12) -> 0.016555556 | I15: (5,96 dias/ano IBGE/30 dias) x (1/12 meses) = 1,66%
G16: Substituto na cobertura de Licença Maternidade | H16: =(5/30)*(1/12)*6.24%*4.96% -> 4.2986667e-05 | I16: (5 dias / 30 dias) x (1 / 12 meses) x 6,24% taxa de fecundidade x 4,96% participação masculina = 0,004%
G17: Módulo 6 - Custos Indiretos, Tributos e Lucro
G18: Custos Indiretos Vigilante Desarmado
G19: Lucro Vigilante Desarmado
G20: C.1. PIS
G21: C.2. COFINS
G22: C.3. ISS

Sheet VIGILANTE DESARMADO
B3: Mão de Obra
B5: Cargo | C5: Vigilante desarmado
B6: Jornada (Preencher horas mensais) | C6: 200
B7: Salário normativo para a categoria (Preencher de acordo com a CCT) | C7: =Resumo!H2 -> 0
A10: Módulo 1 - Composição da Remuneração
A12: 1 | B12: Composição da Remuneração | C12: Valor (R$) | D12: Valor (R$) | E12: Fundamentação Legal
A13: A | B13: Salário-Base | D13: =C7/220*C6 -> 0 | E13: Salário normativo da categoria de acorodo com a CCT
A14: B | B14: Adicional de Risco | C14: 0.3 | D14: =ROUND((D13*C14),2) -> 0 | E14: Valor de acordo com a CCT (Informarr valor imtegral na célula C15)
A15: C | B15: Outros (Descrever )
A16: Total | D16: =SUM(D13:D15) -> 0
A19: Módulo 2 - Encargos e Benefícios Anuais, Mensais e Diários
A22: Submódulo 2.1 - 13º (décimo terceiro) Salário, Férias e Adicional de Férias
A24: 2.2 | B24: 13º (décimo terceiro) Salário, Férias e Adicional de Férias | C24: Percentual (%) | D24: Valor (R$) | E24: Fundamentação Legal
A25: A | B25: 13º (décimo terceiro) Salário | C25: 0.0833 | D25: =ROUND(D16*C25,2) -> 0 | E25: Lei 4090/62 Inciso VIII Art. 7 CF 88
A26: B | B26: Férias e Adicional de Férias | C26: 0.1111 | D26: =ROUND(D16*C26,2) -> 0
A27: SUBTOTAL | C27: =SUM(C25:C26) -> 0.1944 | D27: =SUM(D25:D26) -> 0
A28: C | B28: Incidência do submódulo 2.2 sobre o submódulo 2.1 | C28: =(C27*C43) -> 0.0657072 | D28: =ROUND(D27*C28,2) -> 0
A29: Total | C29: =SUM(C27:C28) -> 0.2601072 | D29: =SUM(D27:D28) -> 0
A32: Submódulo 2.2 - Encargos Previdenciários (GPS), Fundo de Garantia por Tempo de Serviço (FGTS) e outras contribuições.
A34: 2.3 | B34: GPS, FGTS e outras contribuições | C34: Percentual (%) | D34: Valor (R$) | E34: Fundamentação Legal
A35: D | B35: INSS | C35: 0.2 | D35: =ROUND(D16*C35,2) -> 0 | E35: Art. 22, Inciso I, da Lei 8.212/91
A36: E | B36: Salário Educação | C36: 0.025 | D36: =ROUND(D16*C36,2) -> 0 | E36: Artigo 3º Inciso I Decreto 87.043/82
A37: F | B37: SAT/FAP | C37: =Resumo!H3 -> 0 | D37: =ROUND(D16*C37,2) -> 0 | E37: Art. 22, inciso II, da Lei nº 8.212/91 (Apresentar memória de cálculo do SAT/FAP)
A38: G | B38: SESC ou SESI | C38: 0.015 | D38: =ROUND(D16*C38,2) -> 0 | E38: Artigo 30 da Lei nº 8.036/90
A39: H | B39: SENAI - SENAC | C39: 0.01 | D39: =ROUND(D16*C39,2) -> 0 | E39: Decreto-Lei nº 2.318/86
A40: I | B40: SEBRAE | C40: 0.006 | D40: =ROUND(D16*C40,2) -> 0 | E40: Lei nº 8.029/90
A41: J | B41: INCRA | C41: 0.002 | D41: =ROUND(D16*C41,2) -> 0 | E41: Artigos 1º e 2º do Decreto-Lei nº 1.146/70.
A42: K | B42: FGTS | C42: 0.08 | D42: =ROUND(D16*C42,2) -> 0 | E42: Artigo 15 Lei 8036/90 e Art. 7º Inciso III CF/88
A43: Total | C43: =SUM(C35:C42) -> 0.338 | D43: =SUM(D35:D42) -> 0
A46: Submódulo 2.3 - Benefícios Mensais e Diários.
A48: 2.4 | B48: Benefícios Mensais e Diários | C48: Valor (R$) | D48: Valor Total (R$) | E48: Fundamentação Legal
A49: L | B49: Vale Transporte | C49: =Resumo!H5 -> 0 | D49: =MAX(0,((C49*2*22)-(D13*0.06))) -> 0 | E49: Lei 7.4118 (Considerar 22 dias)
A50: M | B50: Vale Refeição (Desconto) | C50: =Resumo!H6 -> 0 | D50: =ROUND(((C50+(C50/12))*0.8),2) -> 0 | E50: Cláusula 13a da CCT
A51: N | B51: Fundo de Formação | D51: =Resumo!H7 -> 0 | E51: Cláusula 32a da CCT
A52: P | B52: Assistência Médica | D52: =Resumo!H8 -> 0 | E52: Cláusula 19a da CCT
A53: Q | B53: Seguro de vida | D53: =Resumo!H9 -> 0
A54: R | B54: Custos dos exames admssional, períodicos e demissionais | D54: =Resumo!H10 -> 0
A55: Total | D55: =SUM(D49:D54) -> 0
A58: Quadro-Resumo do Módulo 2 - Encargos e Benefícios anuais, mensais e diários
A60: 2 | B60: Encargos e Benefícios Anuais, Mensais e Diários | C60: Percentual (%) | D60: Valor (R$)
A61: 2.1 | B61: 13º (décimo terceiro) Salário, Férias e Adicional de Férias | D61: =D29 -> 0
A62: 2.2 | B62: GPS, FGTS e outras contribuições | D62: =D43 -> 0
A63: 2.3 | B63: Benefícios Mensais e Diários | D63: =D55 -> 0
A64: Total | D64: =SUM(D61:D63) -> 0
A67: Módulo 3 - Provisão para Rescisão
A69: 3 | B69: Provisão para Rescisão | C69: Percentual (%) | D69: Valor (R$) | E69: Memória de Cálculo
A70: A | B70: Aviso Prévio Indenizado | C70: 0.004167 | D70: =ROUND(C70*$D$16,2) -> 0 | E70: 1 (unidade de salário) x (1 (mês não trabalhado) / 12 (meses) x 5% (estatística) = 0,4167%
A71: B | B71: Incidência do FGTS sobre o Aviso Prévio Indenizado | C71: 0.08 | D71: =ROUND(D70*C71,2) -> 0 | E71: Alíquota FGTS 8%
A72: C | B72: Multa do FGTS e contribuição social sobre o Aviso Prévio Trabalhado e Indenizado | C72: 0.032 | D72: =ROUND(C72*$D$16,2) -> 0 | E72: 40 (Multa do FGTS)*8% (Incidência do FGTS) = 3,20%
A73: D | B73: Aviso Prévio Trabalhado | C73: 0.0194 | D73: =ROUND(C73*$D$16,2) -> 0 | E73: [(1 (unidade de salário) / 30 (dias do mês)) x 7 (dias da semana)] / 12 (meses do ano) = 1,94%
A74: E | B74: Incidência dos encargos do submódulo 2.2 sobre o Aviso Prévio Trabalhado | C74: =C73*C43 -> 0.0065572 | D74: =ROUND(D73*C74,2) -> 0 | E74: Incidência dos encargos sociais sobre o aviso prévio trabalhado
A75: Total | C75: =SUM(C70:C74) -> 0.1421242 | D75: =SUM(D70:D74) -> 0
A78: Módulo 4 - Custo de Reposição do Profissional Ausente
A81: Submódulo 4.1 - Substituto nas Ausências Legais
A83: 4.1 | B83: Substituto nas Ausências Legais | C83: Percentual (%) | D83: Valor (R$) | E83: Memória de Cálculo
A84: A | B84: Substituto na cobertura de Férias | C84: =((1+1/3)/12)/12 -> 0.0092592593 | D84: =ROUND(($D$16)*C84,2) -> 0 | E84: ((1 remuneração + 1/3 terço constitucional)/12 rateio prov. p/ 12 meses) / 12 corresponde a 1/12 de férias + 1/3 do substituto=0,93%
A85: B | B85: Substituto na cobertura de Ausências Legais | C85: =Resumo!H12 -> 0.0028 | D85: =ROUND(($D$16)*C85,2) -> 0 | E85: (1 dia / 30 dias) x (1 dia / 12 meses) x 100 = 0,28%
A86: C | B86: Substituto na cobertura de Licença Paternidade | C86: =Resumo!H13 -> 0.00027777778 | D86: =ROUND(($D$16)*C86,2) -> 0 | E86: ((5 dias de ausência/30 impacto sobre o mês)/12 meses do ano)*2% estimativa de ocorrência=0,028%
A87: D | B87: Substituto na cobertura de Ausência por acidente de trabalho | C87: =Resumo!H14 -> 0.0033333333 | D87: =ROUND(($D$16)*C87,2) -> 0 | E87: ((15 dias de ausências INSS /30 mês)/12 meses)*8% (estimativa IBGE) = 0,33%
A88: E | B88: Substituto na cobertura de Ausência por Doença | C88: =Resumo!H15 -> 0.016555556 | D88: =ROUND(($D$16)*C88,2) -> 0 | E88: (5,96 dias/ano IBGE/30 dias) x (1/12 meses) = 1,66%
A89: F | B89: Substituto na cobertura de Licença Maternidade | C89: =Resumo!H16 -> 4.2986667e-05 | D89: =ROUND(($D$16)*C89,2) -> 0 | E89: (5 dias / 30 dias) x (1 / 12 meses) x 6,24% taxa de fecundidade x 4,96% participação masculina = 0,004%
A90: Subtotal | C90: =SUM(C84:C88) -> 0.032225926 | D90: =SUM(D84:D88) -> 0
A91: G | B91: Incidência do Submódulo 2.2 sobre o Submódulo 4.1 | C91: =C90*C43 -> 0.010892363 | D91: =D90*C91 -> 0
A92: Total | C92: =SUM(C90:C91) -> 0.043118289 | D92: =SUM(D90:D91) -> 0
A94: Quadro-Resumo do Módulo 4 - Custo de Reposição do Profissional Ausente
A96: 4 | B96: Custo de Reposição do Profissional Ausente | C96: Valor (R$)
A97: 4.1 | B97: Substituto nas Ausências Legais | C97: =D92 -> 0
A98: Total | C98: =C97 -> 0
A101: Módulo 5 - Insumos Diversos
A103: 5 | B103: Insumos Diversos | C103: Valor (R$)
A104: A | B104: Materiais
A105: B | B105: Equipamentos | C105: ='MODULO 5 MATERIAIS_EQUIP_UNIF'!B23 -> 0
A106: C | B106: Uniformes | C106: ='MODULO 5 MATERIAIS_EQUIP_UNIF'!B22 -> 0
A107: Total | C107: =SUM(C104:C106) -> 0
A110: Módulo 6 - Custos Indiretos, Tributos e Lucro
A112: 6 | B112: Custos Indiretos, Tributos e Lucro | C112: Percentual (%) | D112: Valor (R$)
A113: A | B113: Custos Indiretos | C113: =Resumo!H18 -> 0 | D113: =ROUND(((C130)*C113),2) -> 0
A114: B | B114: Lucro | C114: =Resumo!H19 -> 0 | D114: =ROUND(((C130+D113)*C114),2) -> 0
A115: C | B115: Tributos | C115: =SUM(C116:C118) -> 0 | D115: =ROUND(SUM(D116:D118),2) -> 0
B116: C.1. PIS (Lucro Presumido, se for Lucro Real só alterar a alíquota) | C116: =Resumo!H20 -> 0 | D116: =ROUND(C116*((C130+D113+D114)/(1-C135)),2) -> 0
B117: C.2. COFINS (Lucro Presumido, se for Lucro Real só alterar a alíquota) | C117: =Resumo!H21 -> 0 | D117: =ROUND(C117*((C130+D113+D114)/(1-C135)),2) -> 0
B118: C.3. ISS | C118: =Resumo!H22 -> 0 | D118: =ROUND(C118*((C130+D113+D114)/(1-C135)),2) -> 0
A119: Total | D119: =ROUND(SUM(D113:D115),2) -> 0
A122: 2. QUADRO-RESUMO DO CUSTO POR EMPREGADO
B124: Mão de obra vinculada à execução contratual (valor por empregado) | C124: Valor (R$)
A125: A | B125: Módulo 1 - Composição da Remuneração | C125: =D16 -> 0
A126: B | B126: Módulo 2 - Encargos e Benefícios Anuais, Mensais e Diários | C126: =D64 -> 0
A127: C | B127: Módulo 3 - Provisão para Rescisão | C127: =D75 -> 0
A128: D | B128: Módulo 4 - Custo de Reposição do Profissional Ausente | C128: =C98 -> 0
A129: E | B129: Módulo 5 - Insumos Diversos | C129: =C107 -> 0
A130: Subtotal (A + B +C+ D+E) | C130: =ROUND(C125+C126+C127+C128+C129,2) -> 0
A131: F | B131: Módulo 6 – Custos Indiretos, Tributos e Lucro | C131: =D119 -> 0
A132: Valor Total por Empregado | C132: =ROUND(C130+C131,2) -> 0
A135: a) Tributos | C135: =C115 -> 0
A136: b) Total dos Módulos 1,2,3,4,5+Custos indiretos+lucro) | C136: =D16+D64+D75+C98+C107+D113+D114 -> 0
A137: C)Po/(1-TO)=P1 | C137: =TRUNC(C136/(1-C135),2) -> 0
A138: Valor dos Tributos = P1-Po | C138: =C137-C136 -> 0

Sheet MODULO 5 MATERIAIS_EQUIP_UNIF
A2: UNIFORMES
A3: Item | B3: Custo Unitário | C3: QTD. | D3: Valor Total | E3: Valor Amortizado Mensalmente
A4: Calça social comprida | C4: 2 | D4: =C4*B4 -> 0 | E4: =IF(C4>0,((D4/12)),"0") -> 0
A5: Camisa social manga curta | C5: 2 | D5: =C5*B5 -> 0 | E5: =IF(C5>0,((D5/12)),"0") -> 0
A6: Camisa social manga longa | C6: 2 | D6: =C6*B6 -> 0 | E6: =IF(C6>0,((D6/12)),"0") -> 0
A7: Coturno (par) | C7: 1 | D7: =C7*B7 -> 0 | E7: =IF(C7>0,((D7/12)),"0") -> 0
A8: Cinto de nylon | C8: 1 | D8: =C8*B8 -> 0 | E8: =IF(C8>0,((D8/12)),"0") -> 0
A9: Jaqueta de frio com emblema | C9: 1 | D9: =C9*B9 -> 0 | E9: =IF(C9>0,((D9/12)),"0") -> 0
A10: Crachá de identificação | C10: 1 | D10: =C10*B10 -> 0 | E10: =IF(C10>0,((D10/12)),"0") -> 0
A11: Boné | C11: 2 | D11: =C11*B11 -> 0 | E11: =IF(C11>0,((D11/12)),"0") -> 0
A12: Total | B12: =SUM(B4:B11) -> 0 | C12: =SUM(C4:C11) -> 12 | D12: =SUM(D4:D11) -> 0 | E12: =SUM(E4:E11) -> 0
A13: EQUIPAMENTOS VIGILANTE DESARMADO
A14: Item | B14: Custo Unitário | C14: QTD. | D14: Valor Total | E14: Valor Amortizado Mensalmente
A15: Cassetete e porta cassetete | C15: 1 | D15: =C15*B15 -> 0 | E15: =IF(C15>0,((D15/12)),"0") -> 0
A16: Laterna tática recarregável | C16: 1 | D16: =C16*B16 -> 0 | E16: =IF(C16>0,((D16/12)/C16),"0") -> 0
A17: Total | B17: =SUM(B15:B16) -> 0 | C17: =SUM(C15:C16) -> 2 | D17: =SUM(D15:D16) -> 0 | E17: =SUM(E15:E16) -> 0
A21: RESUMO
A22: UNIFORMES VIGILANTE DESARMADO | B22: =E12 -> 0
A23: EQUIPAMENTOS | B23: =E17 -> 0
D68: z
